Map: Deathaura LE

Players

Creature

  • Race: Protoss Protoss
  • Spawn Location: 11:00

DisK - Winner!

  • Race: Protoss Protoss
  • League: Grandmaster
  • Spawn Location: 5:00

Event: DreamHack SC2 Masters 2020 Summer North America

VOD

Have the link to the VOD?

Description

Time

  • Played on: July 1, 2020, 4:08 p.m.
  • Length: 4:24

All games in this series

Show
View Real Time Build Order
Export as new Build Order

Creature Protoss 

Build Orders:  

Get SALT Encoding   

  1  0:00  Probe  
  12  0:05  Probe  
  14  0:17  Pylon  
  14  0:21  Probe  
  15  0:36  Forge  
  15  0:55  Pylon  
  15  0:59  Pylon  
  15  1:01  Pylon  
  15  1:14  Photon Cannon  
  15  1:17  Gateway  
  15  1:18  Pylon  
  14  1:28  Probe  
  15  1:41  Probe  
  15  1:49  Probe  
  16  1:57  Probe  
  16  1:59  Zealot  
  17  2:04  Cybernetics Core  
  17  2:07  Probe  
  20  2:19  Probe  
  20  2:20  Assimilator  
  20  2:22  Assimilator  
  21  2:31  Probe  
  21  2:35  Photon Cannon  
  22  2:38  Photon Cannon  
  22  2:43  Probe  
  23  2:45  Zealot  
  25  2:55  Probe  
  25  2:57  Shield Battery  
  26  2:59  Shield Battery  
  26  3:15  Stargate  
  26  3:16  Pylon  
  28  3:34  Pylon  
  28  3:40  Stalker  
  28  3:47  Probe  
  29  3:52  Shield Battery  
  33  4:10  Shield Battery  
  33  4:14  Shield Battery  
Show
View Real Time Build Order
Export as new Build Order

DisK Protoss - Winner!

Build Orders: Oracle Opening 

Get SALT Encoding   

  12  0:00  Probe  
  13  0:12  Probe  
  14  0:16  Pylon  
  14  0:24  Probe  
  15  0:32  Probe  
  15  0:35  Gateway  
  15  0:40  Probe  
  16  0:46  Assimilator  
  17  0:51  Probe  
  17  0:54  Assimilator  
  18  1:03  Forge  
  18  1:18  Pylon  
  18  1:19  Zealot  
  20  1:36  Photon Cannon  
  20  1:46  Cybernetics Core  
  20  1:49  Probe  
  20  1:53  Assimilator  
  22  2:01  Probe  
  22  2:11  Pylon  
  22  2:19  Stalker  
  22  2:22  Pylon  
  24  2:35  Shield Battery  
  24  2:42  Probe  
  25  2:46  Photon Cannon  
  25  2:57  Stargate  
  25  3:12  Stalker  
  27  3:25  Probe  
  28  3:30  Oracle  
  28  3:35  Gateway  
  28  3:37  Probe, Pylon  
  32  3:48  Pylon  
  34  4:04  Pylon  
  34  4:08  Shield Battery  
Tags
 
Add a new tag
Caveats
  • Supply blocks, unpowered buildings, or Contaminate may cause inaccurate times.
  • Supply counts are checked every 10 seconds.